 Dungeon Crawl Stone Soup version 0.30.1-3-gfc49f6343a (webtiles) character file.

Game seed: 11782721719762333690

565672 GeoRichter the Planerender (level 26, -15/184 HPs)
             Began as a Naga Venom Mage on July 22, 2023.
             Was the Champion of Hepliaklqana.
             Killed from afar by an ancient lich (29 damage)
             ... with a bolt of acid
             ... on level 5 of the Realm of Zot.
             The game lasted 02:48:53 (64531 turns).

GeoRichter the Planerender (Naga Venom Mage)       Turns: 64531, Time: 02:48:53

Health: -15/184    AC: 46    Str: 23    XL:     26   Next: 79%
Magic:  21/55      EV: 14    Int: 34    God:    Hepliaklqana [******]
Gold:   997        SH: 15    Dex: 11    Spells: 22/64 levels left

rFire   + + .        W - staff of poison "Issue" {rPois rC+ Will- Int+4}
rCold   + + .        i - +2 kite shield {rC+}
rNeg    + . .        I - +16 Cigotuvi's embrace {Corpsefed rMiasma Drain rN+}
rPois   +            H - +2 helmet
rElec   +            L - +2 cloak {Will+}
rCorr   .            D - +0 pair of gloves
SInv    +            A - +4 barding {Stlth+}
Will    +++..        h - amulet of magic regeneration
Stlth   ++++         s - ring "Meusuag" {rElec rF+ EV+5 Str+6 Int+4}
HPRegen 0.50/turn    G - ring of Yfekhleiw {rF+ MP+9 Str+7 Dex-3}
MPRegen 0.74/turn

%: no passive effects
@: calling dragons, studying 3 skills, very slow
A: reduced essence, AC +8, large, see invisible, deformed body, poison
resistance, slowness 2, spit poison 1, naga tail 2, claws 1, frail 2
}: 3/15 runes: barnacled, silver, gossamer
a: Spit Poison, Renounce Religion, Recall Ancestor, Ancestor Identity,
Transference, Idealise


You were on level 5 of the Realm of Zot.
You worshipped Hepliaklqana.
Hepliaklqana was exalted by your worship.
You visited 10 branches of the dungeon, and saw 48 of its levels.
You also visited: Ice Cave.

You collected 10126 gold pieces.
You spent 9129 gold pieces at shops.

Inventory:

Hand Weapons
 V - the +8 whip "Snakebite" {venom, curare, rPois, !f}
   (You found it on level 1 of the Lair of Beasts)

   rPois:     It protects you from poison.
Missiles
 w - 10 curare-tipped darts {!f}
Armour
 i - a +2 kite shield of cold resistance (worn)
   (You found it on level 15 of the Dungeon)
 t - the quicksilver dragon scales of Compression {Will+ SInv}
   (You took it off a deep elf high priest on level 3 of the Elven Halls)

   SInv:      It lets you see invisible.
   Will:      It increases your willpower.
 A - a +4 barding of stealth (worn)
   (You acquired it on level 2 of the Elven Halls)
 D - a +0 pair of gloves (worn)
   (You found it on level 6 of the Dungeon)
 H - a +2 helmet (worn)
   (You found it on level 3 of the Shoals)
 I - the +16 Cigotuvi's embrace (worn) {Corpsefed rMiasma Drain rN+}
   (You bought it in a shop on level 1 of the Elven Halls)

   Corpsefed: It gathers nearby corpses to temporarily increase the armour it
   provides.
   rMiasma:   It protects you from foul pestilence.
   rN:        It protects you from negative energy.
   Drain:     It drains your maximum health when unequipped.
 L - a +2 cloak of willpower (worn)
   (You took it off Crazy Yiuf on level 7 of the Dungeon)
Magical Staves
 K - a staff of poison
   (You found it on level 7 of the Dungeon)
 W - the staff of poison "Issue" (weapon) {rPois rC+ Will- Int+4}
   (You took it off an orc on level 5 of the Vaults)

   [staff of poison]

   Base accuracy: +5 Base damage: 5 Base attack delay: 1.2 This weapon's minimum
   attack delay (0.6) is reached at skill level 12.
   Int:       It affects your intelligence (+4).
   rC:        It protects you from cold.
   rPois:     It protects you from poison.
   Will:      It decreases your willpower.
   It falls into the 'Staves' category.
   It is a one-handed weapon.
Jewellery
 h - an amulet of magic regeneration (around neck)
   (You found it on level 1 of the Dungeon)
 s - the ring "Meusuag" (left hand) {rElec rF+ EV+5 Str+6 Int+4}
   (You bought it in a shop on level 9 of the Dungeon)

   [ring of evasion]

   EV:        It affects your evasion (+5).
   Str:       It affects your strength (+6).
   Int:       It affects your intelligence (+4).
   rF:        It protects you from fire.
   rElec:     It insulates you from electricity.
 x - the ring "Tohiceis" {rPois rC+ AC+4}
   (You took it off a deep elf master archer on level 3 of the Elven Halls)

   [ring of protection]

   AC:        It affects your AC (+4).
   rC:        It protects you from cold.
   rPois:     It protects you from poison.
 G - the ring of Yfekhleiw (right hand) {rF+ MP+9 Str+7 Dex-3}
   (You found it on level 4 of the Vaults)

   [ring of protection from fire]

   Str:       It affects your strength (+7).
   Dex:       It affects your dexterity (-3).
   rF:        It protects you from fire.
   MP:        It affects your magic capacity (+9).
 R - an amulet of regeneration
   (You found it on level 10 of the Dungeon)
 S - a ring of resist corrosion
   (You took it off a deep elf pyromancer on level 12 of the Dungeon)
 X - a ring of wizardry
   (You found it on level 14 of the Dungeon)
Wands
 g - a wand of acid (20)
   (You found it on level 5 of the Lair of Beasts)
 m - a wand of charming (49)
   (You found it on level 5 of the Lair of Beasts)
 r - a wand of digging (4)
   (You found it on level 2 of the Shoals)
 C - a wand of iceblast (37)
   (You found it on level 5 of the Dungeon)
 T - a wand of polymorph (31)
   (You found it on level 1 of the Lair of Beasts)
Scrolls
 d - 5 scrolls of butterflies
 f - 4 scrolls of magic mapping
 j - 14 scrolls of teleportation {@r4}
 k - 4 scrolls of immolation {!r}
 n - 7 scrolls of fog
 p - 10 scrolls of fear
 u - 6 scrolls of blinking
 v - 4 scrolls of vulnerability {!r}
 y - 9 scrolls of poison
 B - 5 scrolls of amnesia
 E - 6 scrolls of silence
 M - 10 scrolls of enchant weapon
 O - 2 scrolls of noise {!r}
 Q - 3 scrolls of brand weapon
Potions
 a - 3 potions of heal wounds {@q2}
 b - a potion of magic
 c - 11 potions of brilliance
 e - 8 potions of attraction {!q}
 l - 11 potions of mutation {!q}
 o - 7 potions of haste {@q3}
 q - 12 potions of might
 z - 14 potions of curing {@q1}
 F - a potion of invisibility
 J - 9 potions of ambrosia
 N - 4 potions of resistance
 P - 9 potions of lignification {!q}
 Y - 6 potions of flight
 Z - a potion of cancellation
Miscellaneous
 U - a phantom mirror
   (You found it on level 1 of the Lair of Beasts)


   Skills:
 + Level 20.6 Fighting
 - Level 12.0 Staves
 - Level 12.0 Armour
 - Level 8.0 Dodging
 - Level 8.0 Stealth
 - Level 17.1 Shields
 - Level 19.7 Spellcasting
 O Level 27 Summonings
 - Level 5.0 Translocations
 - Level 1.0 Transmutations
 - Level 9.0 Poison Magic
 + Level 11.8 Invocations


You had 22 spell levels left.
You knew the following spells:

 Your Spells              Type           Power      Damage    Failure   Level
a - Sting                 Tmut/Pois      100%       1d8       1%          1
b - Olgreb's Toxic Radia  Pois           97%        N/A       1%          4
c - Summon Cactus Giant   Summ           60%        N/A       0%          6
d - Summon Guardian Gole  Hex/Summ       90%        N/A       1%          3
e - Summon Forest         Summ/Tloc      48%        N/A       1%          5
f - Monstrous Menagerie   Summ           60%        N/A       1%          7
g - Summon Hydra          Summ           60%        N/A       1%          7
h - Dragon's Call         Summ           60%        N/A       2%          9

Your spell library contained the following spells:

 Spells                   Type           Power      Damage    Failure   Level
 Summon Small Mammal      Summ           100%       N/A       0%          1
 Call Imp                 Summ           100%       N/A       0%          2
 Call Canine Familiar     Summ           100%       N/A       0%          3
 Apportation              Tloc           100%       N/A       1%          1
 Foxfire                  Conj/Fire      100%       2x1d9     1%          1
 Freeze                   Ice            100%       1d10      1%          1
 Kiss of Death            Conj/Necr      100%       2d13      1%          1
 Magic Dart               Conj           100%       1d8       1%          1
 Necrotise                Necr           100%       1d9       1%          1
 Sandblast                Erth           66%        2d15      1%          1
 Slow                     Hex            100%       N/A       1%          1
 Blink                    Tloc           100%       N/A       1%          2
 Cigotuvi's Dreadful Rot  Necr/Pois/Air  100%       N/A       1%          2
 Lesser Beckoning         Tloc           100%       N/A       1%          2
 Momentum Strike          Conj/Tloc      100%       3d10      1%          2
 Passwall                 Tmut/Erth      30%        N/A       1%          2
 Poisonous Vapours        Pois/Air       100%       N/A       1%          2
 Wereblood                Tmut           40%        N/A       1%          2
 Ignite Poison            Fire/Tmut/Pois 71%        N/A       1%          3
 Mephitic Cloud           Conj/Pois/Air  69%        N/A       1%          3
 Volatile Blastmotes      Fire/Tloc      100%       2d18      1%          3
 Animate Armour           Summ/Erth      100%       N/A       1%          4
 Manifold Assault         Tloc           61%        N/A       1%          4
 Summon Ice Beast         Ice/Summ       90%        N/A       1%          4
 Summon Lightning Spire   Summ/Air       90%        N/A       1%          4
 Summon Mana Viper        Hex/Summ       90%        N/A       1%          5
 Ensorcelled Hibernation  Hex/Ice        66%        N/A       2%          2
 Searing Ray              Conj           66%        2d6       2%          2
 Static Discharge         Conj/Air       66%        2-5/arc   2%          2
 Sublimation of Blood     Necr           33%        N/A       2%          2
 Confusing Touch          Hex            33%        N/A       4%          3
 Dazzling Flash           Conj/Hex       66%        N/A       4%          3
 Hailstorm                Conj/Ice       33%        3d8       4%          3
 Inner Flame              Hex/Fire       33%        N/A       4%          3
 Ozocubu's Armour         Ice            33%        N/A       4%          3
 Stone Arrow              Conj/Erth      66%        3d11      4%          3
 Swiftness                Air            33%        N/A       4%          3
 Vampiric Draining        Necr           33%        2d8       4%          3
 Spellforged Servitor     Conj/Summ      45%        N/A       4%          7
 Iskenderun's Mystic Bla  Conj/Tloc      50%        2d11      5%          4
 Petrify                  Tmut/Erth      36%        N/A       12%         4
 Airstrike                Air            16%        2d(3-19)  16%         4
 Anguish                  Hex/Necr       16%        N/A       16%         4
 Cause Fear               Hex            16%        N/A       16%         4
 Dispel Undead            Necr           33%        3d14      16%         4
 Flame Wave               Conj/Fire      33%        2d10      16%         4
 Fulminant Prism          Conj/Hex       16%        3d10      16%         4
 Sticky Flame             Conj/Fire      33%        2d5       16%         4
 Blade Hands              Tmut           20%        N/A       28%         5
 Yara's Violent Unravell  Hex/Tmut       18%        3d9       34%         5
 Agony                    Necr           33%        N/A       38%         5
 Arcjolt                  Conj/Air       16%        1d26      38%         5
 Fireball                 Conj/Fire      16%        3d8       38%         5
 Freezing Cloud           Conj/Ice/Air   16%        6-21      38%         5
 Metabolic Englaciation   Hex/Ice        16%        N/A       38%         5
 Statue Form              Tmut/Erth      24%        N/A       88%         6
 Iron Shot                Conj/Erth      16%        9d4       93%         6
 Plasma Beam              Fire/Air       16%        2x1d30    93%         6
 Simulacrum               Ice/Necr       16%        N/A       93%         6
 Starburst                Conj/Fire      16%        6d6       93%         6
 Dragon Form              Tmut           20%        N/A       100%        7
 Enfeeble                 Hex            16%        N/A       100%        7
 Ozocubu's Refrigeration  Ice            16%        4d11      100%        7
 Storm Form               Tmut/Air       18%        N/A       100%        7
 Discord                  Hex            16%        N/A       100%        8
 Ignition                 Fire           16%        3d7       100%        8
 Lehudib's Crystal Spear  Conj/Erth      16%        10d5      100%        8
 Fire Storm               Conj/Fire      16%        8d4       100%        9


Dungeon Overview and Level Annotations

Branches:
Dungeon (15/15) Zot: 24225  Temple (1/1) D:5 Zot: 5730    Lair (5/5) D:10 Zot: 20091
 Shoals (4/4) Lair:3 Zot: 17171  Spider (4/4) Lair:2 Zot: 16702   Slime (0/5) Lair:5
    Orc (2/2) D:12 Zot: 9955     Elf (3/3) Orc:2 Zot: 10429  Vaults (5/5) D:13 Zot: 19548
  Crypt (0/3) Vaults:2     Depths (4/4) D:15 Zot: 17429     Zot (5/5) Depths:4 Zot: 22622
  IceCv (visited)

Altars:
Ashenzari
Cheibriados
Dithmenos
Elyvilon
Fedhas
Gozag
Hepliaklqana
Kikubaaqudgha
Makhleb
Nemelex Xobeh
Okawaru
Qazlal
Ru
Sif Muna
Trog
Uskayaw
Vehumet
Wu Jian
Xom
Yredelemnul
Zin
The Shining One
Jiyva

Shops:
D:9 *   D:11 *   Orc:2 **([*=   Elf:1 ([(((   Elf:2 *   Elf:3 ?   Shoals:2 *

Portals:
Hell: Depths:1 Depths:2 Depths:3 Depths:4
Abyss: Depths:2 Depths:3
Pandemonium: Depths:1 Depths:2 Depths:3
Ziggurat: Depths:2
Trove: D:11 (give 8 potions of haste)

Annotations:
D:13 2 transporters
Shoals:2 2 transporters, raetorn's ghost, adept MfGl
Depths:1 2 transporters, strangelove's ghost, master GrEE
Zot:5 1 exclusion


Innate Abilities, Weirdness & Mutations

Your life essence is reduced to manifest your ancestor. (-10% HP)
Your serpentine skin is tough. (AC +8)
You have supernaturally acute eyesight. (SInv)
Armour fits poorly on your strangely shaped body.
Your system is resistant to poisons. (rPois)
You cover ground very slowly.
You can spit poison.
You can use your snake-like lower body to constrict enemies.
You have sharp fingernails.
You are very frail. (-20% HP)


Message History

The bolt of lightning hits you! You resist.
* * * LOW HITPOINT WARNING * * *
The orb of fire glows deep purple.
The bolt of fire hits you but does no damage.
The ancient lich gestures wildly while chanting.
The ancient lich seems to speed up.
The purple draconian shifter points at you and mumbles some strange words.
The green draconian blinks into view!
The green draconian blinks!
The orb of fire blinks!
The black draconian knight is engulfed in poison gas.
The black draconian knight looks as sick as possible!
The black draconian knight hits your storm dragon with a +0 dire flail!
You swap places.
A chunk of your corpse armour falls away.
The green draconian barely misses you.
The purple draconian shifter breathes dispelling energy at you.
The bolt of dispelling energy hits your quicksilver dragon!!
The bolt of dispelling energy hits you!
You feel strangely stable.
Your magical effects are unravelling.
* * * LOW HITPOINT WARNING * * *
Your golden dragon breathes cold at the black draconian knight.
The bolt of cold hits the black draconian knight!!!
You feel yourself slow down.
You feel a little less clever now.
Your resistance to elements expires.
Your five-headed hydra disappears in a puff of smoke!
The green draconian breathes poison at you.
The blast of poison misses you.
The black draconian knight breathes lightning at your golden dragon.
The bolt of lightning hits your golden dragon!
Your golden dragon resists.
Your golden dragon breathes fire at the purple draconian shifter.
The bolt of fire misses the purple draconian shifter.
Your quicksilver dragon is engulfed in poison gas.
Your quicksilver dragon is poisoned.
Your quicksilver dragon breathes dispelling energy at the purple draconian shifter.
The bolt of dispelling energy hits the purple draconian shifter!
The orb of fire glows red.
The bolt of fire hits your storm dragon!!!
The bolt of fire hits you!! You resist.
* * * LOW HITPOINT WARNING * * *
Your storm dragon barely misses the orb of fire.
Your storm dragon completely misses the orb of fire.
Your storm dragon tramples the orb of fire but does no damage.
The green draconian hits your storm dragon with a +0 glaive of venom!
Your storm dragon is poisoned.
The green draconian tail-slaps your storm dragon!
The ancient lich gestures at you while chanting.
The bolt of acid hits you!!
You die...

###.......## ..........#
###.......#
#######▓▓▓▓################
......# ##..........^...##
.....♣# ##............^...##
.....# ##.........d........#*
....## #......§D○○d○○.......*
....♣ #......☼@○D*°........*
~...#♣ #.....§☼DD°L.°.......*
≈≈...♣ #........°.°q.°......*
≈~~..#♣ #...........°°......^*
..~...♣♣#...§......D...D.....*
##♣#.).♣##.......q.°.)^.....#*
##....##......^)).......##
###..^................##
#▓▓▓▓▓▓▓▓▓▓▓##8....▓▓


You could see an orb of fire (distracted), a black draconian knight (fast,
invisible, distracted, extremely poisoned, catching breath, anchored, ally
target), an ancient lich (fast, invisible), 2 draconians, a purple draconian
shifter (catching breath, ally target), a friendly shadow dragon (summoned), 2
friendly golden dragons, a friendly storm dragon (summoned, very poisoned), a
friendly fire dragon (summoned) and a friendly quicksilver dragon (summoned,
poisoned, catching breath).

Vanquished Creatures
  Jorgrun (D:12)
  A tentacled monstrosity (Zot:1)
  A lich (Vaults:5)
  2 Orb Guardians (Zot:5)
  A deep elf blademaster (Elf:3)
  A deep elf master archer (Elf:3)
  A tengu reaver (Vaults:5)
  A shadow dragon (Zot:1)
  A deep elf sorcerer (Elf:3)
  A vault warden (Vaults:1)
  An ironbound preserver (Vaults:5)
  2 deep elf elementalists (Elf:3)
  A draconian annihilator (Zot:1)
  A very ugly thing (Vaults:3)
  A green draconian (Depths:4)
  A red draconian (Depths:4)
  2 deep elf demonologists (Elf:3)
  A yellow draconian (Depths:4)
  2 purple draconians
  A deep elf death mage (Elf:1)
  A merfolk javelineer (Shoals:4)
  An ettin (Depths:3)
  4 deep elf high priests (Elf:3)
  2 merfolk impalers (Shoals:3)
  A peacekeeper (Vaults:4)
  6 vault guards (Vaults:5)
  A spriggan air mage (Depths:2)
  2 centaur warriors
  A two-headed ogre (D:13)
  3 boulder beetles
  A dancing weapon (Elf:2)
  A deep troll shaman (Depths:4)
  A satyr (Shoals:3)
  2 deep troll earth magi
  A vampire mage (Vaults:2)
  3 deep elf knights
  A skeletal warrior (D:10)
  A deep troll (Depths:3)
  2 steelbarb worms
  A wizard (D:13)
  4 deep elf pyromancers
  7 deep elf zephyrmancers
  2 orc sorcerers (Orc:2)
  5 fauns
  An ugly thing (D:14)
  2 moths of wrath
  2 merfolk sirens
  3 elephants
  2 water nymphs
  2 black mambas
  2 cane toads (Lair:5)
  A rime drake (Lair:4)
  6 nameless horrors
  A yaktaur (Vaults:3)
  3 komodo dragons
  An unseen horror (D:12)
  2 wind drakes
  14 blink frogs
  A troll (D:13)
  2 merfolk
  Prince Ribbit (D:7)
  A slime creature (D:14)
  A snapping turtle (Shoals:4)
  2 water elementals
  Sigmund (D:3)
  3 culicivoras
  A shadow (D:12)
  18 yaks
  A hog (shapeshifter) (D:13)
  3 basilisks
  A vampire mosquito (D:8)
  3 redbacks (Spider:1)
  Menkaure (D:7)
  An acid dragon (D:13)
  A warg (Orc:2)
  3 water moccasins
  A meliai simulacrum (D:12)
  2 sky beasts
  6 orc warriors
  An ice beast (D:5)
  A black bear (D:5)
  6 ogres
  2 wolves
  A centaur (D:5)
  2 phantoms
  4 kobold brigands
  8 bullfrogs
  4 scorpions
  7 killer bees
  3 electric eels
  A hound (D:4)
  2 jellies (D:6)
  8 orc priests
  A gnoll bouda (D:7)
  Crazy Yiuf (D:7)
  Ijyb (D:3)
  Terence (D:2)
  2 sleepcaps (D:7)
  2 iguanas
  24 orc wizards
  A troll simulacrum (IceCv)
  3 gnolls (D:7)
  7 adders
  5 ufetubi (IceCv)
  2 worms
  A dart slug (D:2)
  83 orcs
  6 bats
  6 endoplasms
  8 giant cockroaches
  9 goblins
  5 hobgoblins
  5 jackals
  30 kobolds
  4 quokkas
  7 ball pythons
  5 frilled lizards
  10 rats
453 creatures vanquished.

Vanquished Creatures (collateral kills)
  2 ancient liches
  A juggernaut (Depths:2)
  Sojobo (Depths:3)
  A Killer Klown (Zot:5)
  Frederick (Vaults:5)
  Margery (Vaults:3)
  Saint Roka (Vaults:4)
  6 curse toes
  Nikola (Shoals:1)
  9 golden dragons
  4 caustic shrikes (Depths:2)
  A bone dragon (Depths:4)
  Arachne (Spider:3)
  2 electric golems
  The ghost of SpeedRobin the Champion of Chaos, an adept DDFi of Makhleb (Vaults:4)
  The ghost of abarbat the Executioner, an adept MiBe of Trog (Vaults:4)
  13 tentacled monstrosities
  Zenata (Vaults:4)
  Asterion (Vaults:1)
  The ghost of Anosyof the Impaler, an adept CeHu of Okawaru (Vaults:4)
  3 liches
  8 Orb Guardians (Zot:5)
  2 titans (Vaults:5)
  A deep elf blademaster (Elf:3)
  A deep elf master archer (Elf:3)
  7 quicksilver dragons
  A kraken (Shoals:2)
  Polyphemus (Shoals:4)
  3 sphinxes
  6 death cobs (Zot:3)
  Gastronok (D:10)
  13 shadow dragons
  Frances (Spider:1)
  The ghost of Graphine the Tortoise, an adept AtFi of Ashenzari (Spider:2)
  10 tengu reavers
  12 storm dragons
  11 fire giants
  Agnes (Spider:3)
  Donald (Vaults:4)
  A fenstrider witch (Shoals:4)
  6 draconian knights
  5 draconian monks
  6 deep elf sorcerers
  6 emperor scorpions
  Louise (Depths:2)
  The ghost of GeoRichter the Bludgeoner, a journeyman MfBr of the Shining One (D:14)
  19 vault wardens
  A draconian shifter (Zot:4)
  A ghost moth (shapeshifter) (Vaults:5)
  10 ghost moths
  9 frost giants
  A balrug (Depths:3)
  The ghost of aeroqp the Necromancer, a journeyman DsNe of Makhleb (Elf:1)
  5 draconian scorchers
  Aizul (Spider:4)
  2 deep elf elementalists (Elf:3)
  9 draconian stormcallers
  A reaper (IceCv)
  4 draconian annihilators
  2 broodmothers
  9 ironbound thunderhulks
  3 war gargoyles
  16 very ugly things
  15 ironbound preservers
  14 stone giants
  Azrael (Lair:2)
  6 green draconians
  11 purple draconians
  5 vampire knights
  4 dire elephants (Vaults:3)
  14 spark wasps
  2 deep elf demonologists (Elf:3)
  10 white draconians
  10 yellow draconians
  6 deep elf annihilators
  9 black draconians
  Snorg (D:12)
  5 deep elf death magi
  12 red draconians
  9 merfolk impalers
  A crystal guardian (Vaults:3)
  8 merfolk javelineers
  9 fire dragons
  9 ettins
  The ghost of Henri the Unseen, a journeyman VSEn of Wu Jian (Orc:2)
  6 deep elf high priests
  7 entropy weavers
  A hell beast (Depths:1)
  3 great orbs of eyes
  Harold (Orc:1)
  15 yaktaur captains
  24 vault guards
  2 hydras
  3 spriggan air magi
  3 peacekeepers
  3 rakshasas
  An ogre mage (Vaults:3)
  8 ironbound frosthearts
  4 merfolk avatars
  A jorogumo (Spider:1)
  13 ice dragons
  3 catoblepae
  4 merfolk aquamancers
  7 radroaches
  37 dancing weapons
  14 deep troll shamans
  6 boulder beetles
  5 centaur warriors
  8 tengu warriors
  4 death yaks (Shoals:4)
  13 deep troll earth magi
  6 satyrs
  Urug (D:10)
  5 two-headed ogres
  5 hell knights
  A soul eater (Depths:1)
  A sun demon (Depths:1)
  12 deep elf knights
  6 spriggan berserkers
  8 spriggans (Depths:2)
  2 vampire magi
  3 skysharks
  5 sun moths
  14 iron trolls
  A sixfirhy (Depths:3)
  9 sea snakes
  A goliath frog (Lair:5)
  A fire crab (Vaults:3)
  8 skeletal warriors
  3 pharaoh ants
  59 deep trolls
  3 flayed ghosts (Depths:3)
  4 glowing orange brains
  4 phantasmal warriors
  A glowing orange brain (shapeshifter) (Vaults:5)
  Lodul (D:10)
  11 deep elf archers
  12 orb spiders
  4 harpies (Shoals:3)
  20 deep elf zephyrmancers
  4 wizards
  3 orc knights
  12 ironbound convokers
  5 necromancers
  8 lindwurms
  A sphinx zombie (Vaults:4)
  18 wolf spiders
  9 orc sorcerers
  29 deep elf pyromancers
  4 steelbarb worms
  5 cyclopes
  18 ugly things
  An oklob plant (Lair:3)
  8 manticores
  30 fauns
  A tengu skeleton (Vaults:4)
  22 moths of wrath
  A molten gargoyle (Vaults:3)
  A rust devil (Depths:1)
  6 black mambas
  7 elephants
  15 vault sentinels
  A fire giant skeleton (Vaults:4)
  11 merfolk sirens
  A naga mage (Vaults:3)
  2 smoke demons
  2 gargoyles
  An ice statue (IceCv)
  5 torpor snails
  9 demonic crawlers
  3 orange demons (Depths:3)
  4 water nymphs
  7 cane toads
  A freezing wraith (Vaults:5)
  4 komodo dragons
  An unseen horror (D:12)
  A yaktaur (shapeshifter) (Vaults:5)
  An anaconda simulacrum (IceCv)
  5 tengu conjurers
  34 yaktaurs
  A knight (Depths:2)
  32 merfolk
  4 red devils
  7 trolls
  2 hellwings
  A troll (shapeshifter) (Depths:2)
  2 tyrant leeches (Lair:5)
  20 tarantellas
  6 meliai
  A polar bear (Lair:5)
  18 hornets
  6 wind drakes
  14 blink frogs
  20 slime creatures
  3 dream sheep (Shoals:1)
  7 culicivoras
  6 snapping turtles
  28 jumping spiders
  A centaur simulacrum (D:12)
  3 wraiths
  An air elemental (Elf:3)
  2 shadows
  17 yaks
  7 small abominations (D:13)
  2 wyverns
  A ynoxinul (Depths:3)
  9 fire elementals
  26 nameless horrors
  13 water elementals
  A neqoxec (Depths:3)
  46 redbacks
  A chaos spawn (Depths:3)
  17 vampire mosquitoes
  8 wargs
  A yaktaur simulacrum (Vaults:4)
  4 large abominations (D:13)
  A floating eye (Depths:3)
  A hydra simulacrum (IceCv)
  10 water moccasins
  4 hell hounds
  2 acid dragons
  4 ice beasts
  16 orc warriors
  5 ogres
  2 wolves (Lair:2)
  A boggart (shapeshifter) (Vaults:5)
  2 centaurs (D:14)
  A kobold brigand (D:8)
  8 bullfrogs
  7 earth elementals
  7 two-headed ogre simulacra
  2 cane toad simulacra (IceCv)
  3 elephant simulacra
  A killer bee (D:11)
  A human simulacrum (Vaults:4)
  A howler monkey (D:8)
  2 electric eels
  A lava snake (Vaults:3)
  A hound (D:5)
  7 jellies
  4 orc priests
  An iguana (D:6)
  21 orc wizards
  8 spriggan simulacra
  4 troll simulacra
  2 wolf simulacra (IceCv)
  A polar bear simulacrum (IceCv)
  A gnoll (D:7)
  An adder (D:6)
  3 naga simulacra (IceCv)
  8 white imps
  2 ufetubi (IceCv)
  28 orcs
  A rat (shapeshifter) (Vaults:5)
  A spectral weapon (Vaults:1)
  3 tentacles (Shoals:2)
1641 creatures vanquished.

Vanquished Creatures (others)
  A deep elf master archer (Elf:3)
  A shadow dragon (Zot:2)
  Ilsuiw (Shoals:2)
  A stone giant (Depths:1)
  A merfolk impaler (Shoals:2)
  A hydra (Lair:2)
  An ogre mage (D:15)
  2 centaur warriors
  A two-headed ogre (D:15)
  2 tengu warriors
  A satyr (Shoals:4)
  An orc knight (D:15)
  A deep elf zephyrmancer (Elf:2)
  A deep elf pyromancer (Elf:3)
  2 ugly things (D:14)
  2 manticores
  4 fauns
  A merfolk siren (Shoals:4)
  5 elephants
  A molten gargoyle (Vaults:3)
  A yaktaur (Vaults:4)
  An anaconda simulacrum (IceCv)
  A merfolk (Shoals:2)
  2 tarantellas (Spider:1)
  3 slime creatures
  2 jumping spiders
  A water elemental (Shoals:2)
  A centaur simulacrum (D:12)
  2 yaks (Lair:1)
  A death yak simulacrum (IceCv)
  3 redbacks (Spider:1)
  A large abomination (D:13)
  A two-headed ogre simulacrum (IceCv)
  An orc wizard (Orc:2)
  A troll simulacrum (IceCv)
  A spriggan simulacrum (IceCv)
  38 knights
  A naga simulacrum (IceCv)
  2 orcs
  24 snaplasher vines
  8 tentacles (Shoals:2)
127 creatures vanquished.

Grand Total: 2221 creatures vanquished

Notes
Turn   | Place    | Note
-------+----------+-------------------------------------------
     0 | D:1      | GeoRichter the Naga Venom Mage began the quest for the Orb.
     0 | D:1      | Reached XP level 1. HP: 15/15 MP: 3/3
   135 | D:1      | Reached XP level 2. HP: 17/22 MP: 0/5
   495 | D:1      | Reached skill level 5 in Poison Magic
   519 | D:1      | Reached XP level 3. HP: 28/28 MP: 4/6
   828 | D:2      | Reached XP level 4. HP: 28/36 MP: 4/7
   837 | D:2      | Noticed Terence
   861 | D:2      | Learned a level 4 spell: Olgreb's Toxic Radiance
  1034 | D:2      | Killed Terence
  1394 | D:3      | Found a hazy altar of Hepliaklqana.
  1399 | D:3      | Noticed Ijyb
  1402 | D:3      | Noticed Sigmund
  1413 | D:3      | Killed Ijyb
  1414 | D:3      | Reached skill level 5 in Stealth
  1414 | D:3      | Reached XP level 5. HP: 5/42 MP: 3/8
  1644 | D:3      | Killed Sigmund
  1645 | D:3      | Reached XP level 6. HP: 49/49 MP: 3/9
  1651 | D:3      | Identified the +7 short sword of the Eternal Void {freeze,
                  | rPois Str-3 Dex+6 Stlth-}
  1670 | D:3      | Became a worshipper of Hepliaklqana the Forgotten
  1995 | D:4      | You fall into a shaft and drop 3 floors!
  2068 | D:5      | Entered Level 5 of the Dungeon
  2070 | D:5      | Noticed a sky beast
  2080 | D:5      | Killed a sky beast
  2081 | D:5      | Reached XP level 7. HP: 32/55 MP: 2/10
  2180 | D:5      | Reached skill level 1 in Summonings
  2416 | D:4      | Reached skill level 2 in Summonings
  2548 | D:4      | Reached skill level 3 in Summonings
  2548 | D:4      | Reached XP level 8. HP: 48/62 MP: 5/12
  3195 | D:5      | Reached skill level 1 in Fighting
  3374 | D:5      | Reached * piety under Hepliaklqana
  3376 | D:5      | Found a staircase to the Ecumenical Temple.
  3387 | Temple   | Entered the Ecumenical Temple
  3767 | D:5      | HP: 1/60 [ice beast (14)]
  4211 | D:5      | Found a bloodstained altar of Trog.
  4632 | D:6      | Found an iron altar of Okawaru.
  4732 | D:6      | Reached skill level 5 in Spellcasting
  4769 | D:6      | Reached XP level 9. HP: 71/71 MP: 13/16
  4997 | D:6      | Found an ornate altar of the Wu Jian Council.
  5023 | D:6      | Reached skill level 5 in Fighting
  5034 | D:5      | Noticed a rust devil
  5034 | D:5      | Noticed a rust devil
  5289 | D:6      | Reached ** piety under Hepliaklqana
  5291 | D:6      | Remembered your ancestor Ferran as a knight
  5605 | D:7      | Noticed Prince Ribbit
  5615 | D:7      | Killed Prince Ribbit
  5678 | D:7      | Found a runed translucent door.
  5679 | D:7      | Noticed Crazy Yiuf
  5892 | D:7      | Found an ancient bone altar of Kikubaaqudgha.
  5892 | D:7      | Found a broken altar of Ashenzari.
  6111 | D:7      | Noticed Menkaure
  6113 | D:7      | Killed Menkaure
  6512 | D:7      | Killed Crazy Yiuf
  6788 | D:8      | Reached skill level 4 in Summonings
  6788 | D:8      | Reached XP level 10. HP: 64/82 MP: 18/21
  7171 | D:8      | Reached skill level 11 in Summonings
  7171 | D:8      | Reached XP level 11. HP: 89/89 MP: 22/22
  7179 | D:8      | Learned a level 6 spell: Summon Cactus Giant
  7183 | D:8      | Learned a level 3 spell: Summon Guardian Golem
  7189 | D:8      | Learned a level 5 spell: Summon Forest
  7267 | D:9      | Found an opulent altar of Gozag.
  7276 | D:9      | Found Gozag's Platinum Reserve.
  7331 | D:9      | Reached skill level 1 in Translocations
  7743 | D:9      | Reached *** piety under Hepliaklqana
  7793 | D:9      | Noticed a manticore
  7803 | D:9      | Killed a manticore
  8187 | D:10     | Entered Level 10 of the Dungeon
  8274 | D:10     | Noticed Lodul
  8283 | D:10     | Killed Lodul
  8383 | D:10     | Reached skill level 12 in Summonings
  8599 | D:10     | Noticed Gastronok
  8617 | D:10     | Killed Gastronok
  8654 | D:10     | Noticed a skeletal warrior
  8656 | D:10     | Killed a skeletal warrior
  8811 | D:10     | Found a staircase to the Lair.
  8839 | D:10     | Found a glowing silver altar of Zin.
  8936 | D:10     | Noticed Urug
  8943 | D:10     | Killed Urug
  9134 | D:10     | Noticed a cyclops
  9145 | D:10     | Killed a cyclops
  9240 | D:10     | Identified the +4 chain mail "Jeoplesa" {+Inv Str-4 Int+4}
  9414 | Lair:1   | Entered Level 1 of the Lair of Beasts
  9414 | Lair:1   | Noticed a catoblepas
  9429 | Lair:1   | Killed a catoblepas
  9430 | Lair:1   | Reached XP level 12. HP: 77/100 MP: 20/24
  9540 | Lair:1   | Reached **** piety under Hepliaklqana
  9584 | Lair:1   | Reached skill level 13 in Summonings
 10449 | Lair:1   | Found the +8 whip "Snakebite" {venom, curare, rPois}
 10513 | Lair:1   | Reached skill level 5 in Translocations
 10537 | Lair:1   | Reached skill level 1 in Armour
 10629 | Lair:1   | Identified the +1 ring mail of the Louse {rPois rCorr
                  | Int+6}
 11107 | Lair:2   | Noticed a four-headed hydra
 11115 | Lair:2   | Killed a four-headed hydra
 11333 | Lair:2   | Noticed a boulder beetle
 11338 | Lair:2   | Killed a boulder beetle
 11577 | Lair:2   | Reached skill level 14 in Summonings
 11828 | Lair:2   | Found a hole to the Spider Nest.
 11829 | Lair:2   | Reached ***** piety under Hepliaklqana
 12180 | Lair:2   | Gained mutation: You can use your snake-like lower body to
                  | constrict enemies. [Naga growth]
 12180 | Lair:2   | Reached XP level 13. HP: 108/108 MP: 6/25
 12389 | Lair:3   | Identified the +1 quarterstaff of the Puffball {drain,
                  | Dex+3}
 12599 | Lair:3   | You fall into a shaft and drop 1 floor!
 13144 | Lair:3   | Found a staircase to the Shoals.
 13694 | Lair:4   | Got Sif Muna's Beginning Witchcraft
 13806 | Lair:4   | Reached skill level 10 in Fighting
 14270 | Lair:5   | Entered Level 5 of the Lair of Beasts
 14432 | Lair:5   | Reached skill level 15 in Summonings
 14851 | Lair:5   | Reached XP level 14. HP: 115/119 MP: 20/27
 15147 | Lair:5   | Reached ****** piety under Hepliaklqana
 15230 | Lair:5   | Reached skill level 5 in Dodging
 15496 | Lair:5   | Found a staircase to the Slime Pits.
 15500 | Lair:5   | Found a viscous altar of Jiyva.
 16230 | D:11     | Identified 2 scrolls of acquirement
 16231 | D:11     | Acquired 1236 gold pieces
 16233 | D:11     | Acquired 752 gold pieces
 16273 | D:11     | Found a portal to a secret trove of treasure.
 16766 | D:11     | Found Hochaopn's CLEARANCE SALE!.
 17592 | D:12     | Found a frozen archway.
 17605 | D:12     | Reached skill level 5 in Armour
 17628 | D:12     | Noticed Jorgrun
 17637 | D:12     | Killed Jorgrun
 17638 | D:12     | Reached skill level 16 in Summonings
 17653 | IceCv    | Entered an ice cave
 17708 | IceCv    | Reached skill level 10 in Spellcasting
 18265 | IceCv    | Noticed a reaper
 18281 | IceCv    | Killed a reaper
 18368 | IceCv    | Got the Folio of Hail
 18647 | IceCv    | Learned a level 7 spell: Monstrous Menagerie
 18681 | D:12     | Reached skill level 1 in Shields
 18720 | D:12     | Noticed Snorg
 18729 | D:12     | Killed Snorg
 19276 | D:12     | Reached XP level 15. HP: 94/127 MP: 17/29
 19565 | D:12     | Identified the ring "Pom Ulesch" {rC+ SInv Stlth+}
 19913 | D:12     | Found a staircase to the Orcish Mines.
 19998 | Orc:1    | Entered Level 1 of the Orcish Mines
 19998 | Orc:1    | Noticed Harold
 20008 | Orc:1    | Killed Harold
 20434 | Orc:2    | Entered Level 2 of the Orcish Mines
 20495 | Orc:2    | Found a staircase to the Elven Halls.
 20496 | Orc:2    | Found a radiant altar of Vehumet.
 20671 | Orc:2    | Found a runed translucent gate.
 20671 | Orc:2    | Found a runed translucent gate.
 20671 | Orc:2    | Found a runed translucent gate.
 20672 | Orc:2    | Found an opulent altar of Gozag.
 20674 | Orc:2    | Noticed Henri's ghost (journeyman VSEn)
 20712 | Orc:2    | Found Ukhing's Assorted Antiques.
 20859 | Orc:2    | Found Jiubaeke's General Store.
 20859 | Orc:2    | Found Kuaqeits's Antique Weapon Emporium.
 20879 | Orc:2    | Found Fisiez's Antique Armour Shoppe.
 20895 | Orc:2    | Reached skill level 17 in Summonings
 21050 | Orc:2    | Found Wefoos's Assorted Antiques.
 21050 | Orc:2    | Found Poxehor's Jewellery Emporium.
 21419 | Orc:2    | Killed Henri's ghost
 22082 | D:13     | Found a transporter.
 22082 | D:13     | Found a transporter.
 22196 | D:13     | Found a gate to the Vaults.
 22786 | D:14     | Found a transporter.
 22800 | D:14     | Noticed GeoRichter's ghost (journeyman MfBr)
 22800 | D:14     | Noticed a frost giant
 22818 | D:14     | Found a transporter.
 23152 | D:15     | Entered Level 15 of the Dungeon
 23398 | D:15     | Reached skill level 5 in Shields
 23398 | D:15     | Reached XP level 16. HP: 76/136 MP: 27/31
 23698 | D:15     | Found a staircase to the Depths.
 23863 | Spider:1 | Entered Level 1 of the Spider Nest
 23992 | Spider:1 | Noticed Frances
 23993 | Spider:1 | Reached skill level 18 in Summonings
 24141 | Spider:1 | Noticed Azrael
 24222 | Shoals:1 | Entered Level 1 of the Shoals
 24339 | Shoals:1 | Learned a level 7 spell: Summon Hydra
 24851 | Shoals:1 | Noticed Nikola
 24922 | Shoals:1 | Killed Nikola
 25569 | Shoals:2 | Found Wasohex's General Store.
 25579 | Shoals:2 | Bought a potion of resistance for 150 gold pieces
 25579 | Shoals:2 | Bought a potion of heal wounds for 75 gold pieces
 25691 | Shoals:2 | Found a transporter.
 25692 | Shoals:2 | Found the +12 glaive of Prune {freeze, Prune}
 25700 | Shoals:2 | Found a transporter.
 25827 | Shoals:2 | Noticed Ilsuiw
 25844 | Shoals:2 | Killed Ilsuiw
 26052 | Shoals:2 | Noticed a kraken
 26176 | Shoals:2 | Noticed raetorn's ghost (adept MfGl)
 26187 | Shoals:2 | Killed a kraken
 26496 | Shoals:3 | Reached XP level 17. HP: 104/145 MP: 16/32
 26715 | Shoals:3 | Reached skill level 10 in Shields
 27515 | Shoals:4 | Entered Level 4 of the Shoals
 27518 | Shoals:4 | Noticed Polyphemus
 27765 | Elf:1    | Entered Level 1 of the Elven Halls
 28223 | Elf:1    | Found Veushid's Weapon Shop.
 28226 | Elf:1    | Found Pyruimirphi's Antique Weapon Shop.
 28226 | Elf:1    | Found Kivicez's Weapon Boutique.
 28229 | Elf:1    | Found Qawnamna's Antique Armour Boutique.
 28372 | Elf:1    | Found Kyoxtoxo's Weapon Emporium.
 28722 | Elf:1    | Found a runed translucent gate.
 28722 | Elf:1    | Found a runed translucent gate.
 28723 | Elf:1    | Found a runed translucent gate.
 28725 | Elf:1    | Noticed aeroqp's ghost (journeyman DsNe)
 29115 | Elf:2    | Acquired a +0 barding of stealth
 29552 | Elf:2    | Found Wetiamemo's Gadget Gallery.
 29753 | Elf:2    | Reached XP level 18. HP: 153/153 MP: 25/33
 29974 | Elf:2    | Found a runed translucent gate.
 29975 | Elf:2    | Found a runed translucent gate.
 29975 | Elf:2    | Found a runed translucent gate.
 30137 | Elf:2    | Reached skill level 19 in Summonings
 30758 | Elf:3    | Entered Level 3 of the Elven Halls
 30929 | Elf:3    | Paralysed by an air elemental for 1 turns
 31069 | Elf:3    | Found Lolyceffau's Magic Scroll Shoppe.
 32086 | Elf:3    | Noticed a deep elf master archer
 32096 | Elf:3    | Killed a deep elf master archer
 32113 | Elf:3    | Noticed a Hell Sentinel
 32166 | Elf:3    | Reached skill level 20 in Summonings
 32307 | Elf:3    | Noticed an Ice Fiend
 32495 | Elf:3    | Identified the ring "Tohiceis" {rPois rC+ AC+4}
 32495 | Elf:3    | Noticed a deep elf master archer
 32502 | Elf:3    | Noticed a deep elf blademaster
 32514 | Elf:3    | Killed a deep elf blademaster
 32521 | Elf:3    | Killed a deep elf master archer
 32601 | Elf:3    | Identified the +5 short sword of Nolecwacs {flame, +Blink}
 32668 | Elf:3    | Identified the +1 leather armour of Greed {Stlth+}
 32701 | Elf:3    | Identified the +0 morningstar of the Changing Hero {flame,
                  | Dex+4 Stlth+}
 32760 | Elf:3    | Identified the quicksilver dragon scales of Compression
                  | {Will+ SInv}
 32761 | Elf:3    | Identified the +11 short sword of Fortitude {freeze, rF+}
 32764 | Elf:3    | Noticed a deep elf blademaster
 32768 | Elf:3    | Killed a deep elf blademaster
 32769 | Elf:3    | Reached XP level 19. HP: 146/153 MP: 19/36
 32778 | Elf:3    | Noticed a Hell Sentinel
 32850 | Elf:3    | Identified the +7 morningstar of Alligufa {heavy, *Slow rN+
                  | rCorr Dex+2}
 32855 | Elf:3    | Identified the staff of cold "Vidodop" {rC+ Dex+6}
 32913 | Elf:3    | Noticed a Brimstone Fiend
 32990 | Elf:3    | Identified the +8 spear "Ryej" {flame, *Rage Dex+4}
 33809 | D:14     | Learned a level 9 spell: Dragon's Call
 34290 | Shoals:4 | Identified the +5 scimitar "Lass" {chaos, *Slow MP+9 Int+3
                  | Dex+3}
 34852 | Shoals:4 | Killed Polyphemus
 34922 | Shoals:4 | Got a barnacled rune of Zot
 35474 | Shoals:4 | Reached skill level 21 in Summonings
 35561 | Shoals:4 | Identified the +2 leather armour of Adoen {Slay+5}
 36242 | Vaults:1 | Entered Level 1 of the Vaults
 36615 | Spider:1 | Killed Frances
 37097 | Lair:2   | Killed Azrael
 37644 | Spider:2 | Noticed Graphine's ghost (adept AtFi)
 37644 | Spider:2 | Found a runed translucent door.
 38388 | Spider:2 | Reached XP level 20. HP: 80/167 MP: 7/38
 39273 | Spider:2 | Killed Graphine's ghost
 39862 | Spider:3 | Noticed Agnes
 39867 | Spider:3 | Killed Agnes
 39872 | Spider:3 | Noticed Arachne
 39888 | Spider:3 | Killed Arachne
 39889 | Spider:3 | Reached skill level 22 in Summonings
 41204 | Elf:1    | Bought the +4 Cigotuvi's embrace {Corpsefed rMiasma Drain
                  | rN+} for 1104 gold pieces
 41204 | Elf:1    | Found the +4 Cigotuvi's embrace {Corpsefed rMiasma Drain
                  | rN+}
 41412 | Elf:1    | Killed aeroqp's ghost
 41440 | Elf:1    | Reached skill level 15 in Spellcasting
 41491 | Elf:1    | Identified the -1 pair of gloves of the Monkey {rPois Str+2
                  | Int+3 Stlth-}
 41780 | Spider:4 | Entered Level 4 of the Spider Nest
 42457 | Spider:4 | Noticed Aizul
 42461 | Spider:4 | Killed Aizul
 43617 | Spider:4 | Got a gossamer rune of Zot
 43909 | Depths:1 | Entered Level 1 of the Depths
 43916 | Depths:1 | Reached skill level 23 in Summonings
 44665 | Vaults:1 | Noticed Asterion
 44684 | Vaults:1 | Killed Asterion
 44685 | Vaults:1 | Reached XP level 21. HP: 165/173 MP: 13/40
 45876 | Vaults:1 | Identified the +0 robe of the Sacrificial Victim {-Cast
                  | Rampage rN+++}
 46102 | Vaults:2 | Found a flickering gateway to a bazaar.
 46327 | Vaults:2 | Reached skill level 24 in Summonings
 46401 | Vaults:2 | You fall into a shaft and drop 2 floors!
 46649 | Vaults:3 | Noticed Margery
 46654 | Vaults:3 | Killed Margery
 46843 | Vaults:2 | Reached skill level 10 in Armour
 47107 | Vaults:2 | Found a staircase to the Crypt.
 47341 | Vaults:2 | Reached skill level 15 in Shields
 47975 | Vaults:3 | Got the Grimoire of Burning
 48088 | Vaults:3 | Reached XP level 22. HP: 154/180 MP: 24/42
 48797 | Vaults:4 | Noticed Saint Roka
 48808 | Vaults:4 | Killed Saint Roka
 49087 | Vaults:4 | Noticed Donald
 49092 | Vaults:4 | Killed Donald
 49291 | Vaults:4 | Found a runed translucent gate.
 49291 | Vaults:4 | Found a runed translucent gate.
 49291 | Vaults:4 | Found a runed translucent gate.
 49292 | Vaults:4 | Noticed abarbat's ghost (adept MiBe)
 49292 | Vaults:4 | Noticed Anosyof's ghost (adept CeHu)
 49292 | Vaults:4 | Noticed SpeedRobin's ghost (adept DDFi)
 50103 | Vaults:4 | Noticed Zenata
 50121 | Vaults:4 | Killed Zenata
 50406 | Vaults:4 | Killed abarbat's ghost
 50407 | Vaults:4 | Killed SpeedRobin's ghost
 50410 | Vaults:4 | Killed Anosyof's ghost
 50424 | Vaults:4 | Identified the ring of Yfekhleiw {rF+ MP+9 Str+7 Dex-3}
 50485 | Vaults:5 | Entered Level 5 of the Vaults
 50489 | Vaults:5 | Noticed an ancient lich
 50839 | Vaults:5 | Killed an ancient lich
 50844 | Vaults:5 | Identified the +6 war axe of Boxatuni {spect, rElec rF+
                  | Str-3 Dex+3}
 50879 | Vaults:5 | Identified the +6 hand axe of Beogh's Grace {freeze, rF++
                  | Dex+3}
 50879 | Vaults:5 | Identified the +4 chain mail "Feozuut" {+Inv Int+3}
 50916 | Vaults:5 | Reached XP level 23. HP: 177/189 MP: 31/44
 50919 | Vaults:5 | Identified the staff of poison "Issue" {rPois rC+ Will-
                  | Int+4}
 50947 | Vaults:5 | Noticed Frederick
 50957 | Vaults:5 | Killed Frederick
 51148 | Vaults:5 | Identified the +9 broad axe "Onyjih" {elec, rC+}
 51493 | Vaults:5 | Got the Codex of Dynamic Convocation
 51527 | Vaults:5 | Reached skill level 25 in Summonings
 51924 | Vaults:5 | Got a silver rune of Zot
 51925 | Vaults:5 | Identified the +6 morningstar "Icitaew" {flame, Int+3}
 52744 | Depths:1 | Found a radiant altar of Vehumet.
 52751 | Depths:1 | Noticed strangelove's ghost (master GrEE)
 52755 | Depths:1 | Found a transporter.
 52755 | Depths:1 | Identified the ring "Wasis" {rPois rF+}
 52757 | Depths:1 | Identified the amulet "Roec" {Reflect rPois SH+5}
 52825 | Depths:1 | Found a white marble altar of Elyvilon.
 52935 | Depths:1 | Found a one-way gate leading to the halls of Pandemonium.
 53296 | Depths:1 | Found a transporter.
 53313 | Depths:1 | Found a gateway to Hell.
 53509 | D:14     | Killed GeoRichter's ghost
 53824 | Depths:2 | Noticed a juggernaut
 53827 | Depths:2 | Noticed a caustic shrike
 53835 | Depths:2 | Killed a juggernaut
 53838 | Depths:2 | Noticed a golden dragon
 53839 | Depths:2 | Reached skill level 15 in Fighting
 53873 | Depths:2 | Killed a golden dragon
 53874 | Depths:2 | Reached XP level 24. HP: 134/203 MP: 14/45
 54074 | Depths:2 | Noticed a caustic shrike
 54077 | Depths:2 | Noticed a caustic shrike
 54079 | Depths:2 | Noticed a caustic shrike
 54085 | Depths:2 | Killed a caustic shrike
 54088 | Depths:2 | Killed a caustic shrike
 54088 | Depths:2 | Killed a caustic shrike
 54089 | Depths:2 | Reached skill level 26 in Summonings
 54090 | Depths:2 | Killed a caustic shrike
 54315 | Depths:2 | Noticed Louise
 54320 | Depths:2 | Killed Louise
 54322 | Depths:2 | Found a one-way gate to the infinite horrors of the Abyss.
 54468 | Depths:2 | Found a one-way gateway to a ziggurat.
 54701 | Depths:2 | Found a blossoming altar of Fedhas.
 55103 | Depths:3 | Paralysed by a floating eye for 4 turns
 55540 | D:9      | Bought the ring "Meusuag" {rElec rF+ EV+5 Str+6 Int+4} for
                  | 7800 gold pieces
 55960 | Depths:3 | Noticed Sojobo
 55968 | Depths:3 | Killed Sojobo
 56181 | Depths:3 | Identified the +2 scale mail of Esutyurosost {Dex+2}
 56190 | Depths:3 | Found a shimmering altar of Xom.
 56191 | Depths:3 | Found a glowing silver altar of Zin.
 56423 | Depths:3 | Reached skill level 27 in Summonings
 57007 | Depths:4 | Entered Level 4 of the Depths
 57062 | Depths:4 | Reached XP level 25. HP: 206/218 MP: 39/46
 57140 | Depths:4 | Reached skill level 1 in Staves
 57142 | Depths:4 | Reached skill level 1 in Invocations
 57331 | Depths:4 | Found a gate to the Realm of Zot.
 58060 | Zot:1    | Entered Level 1 of the Realm of Zot
 58117 | Zot:1    | Reached skill level 5 in Staves
 58665 | Zot:1    | Identified the ring "Mugh" {rN+ Stlth+}
 59330 | Zot:2    | Reached skill level 5 in Invocations
 60208 | Zot:2    | Identified the +3 ring mail "Vorin" {rCorr}
 60984 | Zot:3    | Reached XP level 26. HP: 207/234 MP: 21/46
 60995 | Zot:3    | Reached skill level 10 in Staves
 62386 | Zot:4    | Identified the +8 chain mail of the Hidden Bounties {rF+}
 62812 | Zot:4    | Reached skill level 10 in Invocations
 63790 | Zot:5    | Entered Level 5 of the Realm of Zot
 64431 | Zot:5    | Noticed a Killer Klown
 64470 | Zot:5    | Killed a Killer Klown
 64484 | Zot:5    | Noticed an ancient lich
 64496 | Zot:5    | Killed an ancient lich
 64502 | Zot:5    | Noticed an orb of fire
 64508 | Zot:5    | Gained mutation: You are frail. (-10% HP) [an orb of fire]
 64515 | Zot:5    | Gained mutation: You have sharp fingernails. [an orb of
                  | fire]
 64516 | Zot:5    | Gained mutation: You are very frail. (-20% HP) [an orb of
                  | fire]
 64521 | Zot:5    | Noticed an ancient lich
 64531 | Zot:5    | Killed from afar by an ancient lich

Illustrated notes

Levels and vault maps discovered:
D:1:      amcnicky_arrival_choice, layout_rooms, nicolae_titane
D:2:      layout_rooms, hangedman_decor_clover_reticule, uniq_terence
D:3:      corexii_shack_village, layout_rooms, nicolae_hepliaklqana_hazy_memory,
          uniq_ijyb, uniq_sigmund
D:4:      layout_basic
D:5:      cheibrodos_iron_armory, layout_loops_corners, trog_book,
          minmay_temple_entry_glassed_door
D:6:      layout_loops_ring, okawaru_gym_becter, nzn_wu_jian_council_hall
D:7:      layout_basic, amethyst_overflow_temple_binary,
          uniq_crazy_yiuf_cottage, uniq_prince_ribbit1, uniq_menkaure
D:8:      layout_rooms
D:9:      layout_basic, nicolae_gozag_zags_fifth_avenue
D:10:     layout_basic, zin_treasury, lair_entry_dummy,
          small_chamber_with_monster, uniq_lodul, uniq_urug, uniq_gastronok
D:11:     layout_layer_cave, nicolae_trove_entry_crossroad,
          nicolae_shop_clearance
D:12:     layout_rooms, minmay_orc_entry_temple_small, serial_ice, serial_ice_j,
          serial_ice_o, serial_ice_a, serial_ice_m,
          portal_ice_cave_entry_ice_simulacra, nzn_random_ring, uniq_jorgrun,
          uniq_snorg
D:13:     gammafunk_beogh_shrine, layout_long_grid, david_vaults_4,
          nrook_campfire, minivault_14, laboratory
D:14:     layout_roguey, gammafunk_ghost_arena
D:15:     grunt_enter_depths_hoard, layout_cave_pools,
          hangedman_abyss_or_decor_clamps, minivault_19
Temple:   eino_temple_water
Lair:1:   minmay_guarded_unrand_snakebite, layout_regular_city,
          lemuel_fruit_tree
Lair:2:   layout_small_grid, dummy_spider_entry
Lair:3:   layout_cave_pods, elwin_shoals_entry_stream, grunt_megastairs_1
Lair:4:   layout_regular_city
Lair:5:   minmay_lair_end_frog_pond, layout_layer_cave,
          nicolae_slime_entry_slimehenge, serial_bayou_shore_a
Shoals:1: layout_shoals, uniq_nikola
Shoals:2: layout_shoals, ebering_ghost_davey_jones, serial_shops,
          nicolae_shop_stone, uniq_ilsuiw
Shoals:3: layout_shoals, nicolae_shoals_mertower
Shoals:4: shoals_end_grunt_garden, layout_shoals, shoals_ilsuiw_alternative,
          nicolae_shoals_beach_house_on_fowls_legs, uniq_polyphemus
Spider:1: layout_spider_delve, nicolae_spider_eight_legs, uniq_frances,
          uniq_azrael
Spider:2: layout_chambers, hellmonk_ghost_happy_afterlife,
          nicolae_spider_solar_radiation
Spider:3: layout_chambers, nicolae_spider_cling_halls, uniq_arachne, uniq_agnes
Spider:4: spider_rune_water, nicolae_spider_stair_cavern, uniq_aizul
Orc:1:    layout_caves, basic_altar, uniq_harold
Orc:2:    st_orc_town, layout_caves, ebering_ghost_gozag, serial_shops, shop,
          basic_altar
Elf:1:    eino_elf_arrival_the_gate, layout_gridlike, serial_shops, shop,
          gammafunk_ghost_tricky_traps, minivault_28, minmay_shoptagon
Elf:2:    nicolae_elf_blades_crystal_corner, layout_onion_city,
          dreamdust_princess_corridor, nicolae_shop_gadgets
Elf:3:    minmay_elf_hall_not_hex, layout_loops_corners, serial_shops,
          nicolae_shop_behind_doors, elves_outpost_lemuel, grunt_megastairs_5
Vaults:1: nicolae_vaults_hallways_thing, nicolae_vaults_closet_pinwheel_5,
          dpeg_vaults_monster_box, nicolae_vaults_network_periphery,
          nicolae_vaults_closet_pinwheel_1, vaults_room_ringed_pool, v_misc_3,
          ontoclasm_vaults_ligature, nicolae_vaults_little_squares_5,
          nicolae_vaults_wine_cellar, layout_vaults_big_room, uniq_asterion
Vaults:2: minmay_crypt_entry_simple_box, nicolae_vaults_stairing_the_circle,
          hangedman_vaults_river_flow, vaults_room_grid, v_misc_24,
          layout_vaults_quadrants, serial_shops, bzr_entry_road
Vaults:3: nicolae_vaults_enemy_cabinets, hangedman_vaults_snaps,
          vaults_mumra_minichess_inversion, v_pattern_2, v_rooms_6,
          hangedman_vaults_pinch, vaults_room_stairs_pillars, v_alt_pattern_1,
          hangedman_vaults_capsules, hangedman_vaults_stretched_pinwheel,
          nicolae_vaults_theta, vaults_dpeg_diagonal, nicolae_vaults_two_Ls,
          layout_vaults_omnicross, serial_hangedman_research,
          hangedman_research_pyrotechnics, uniq_margery
Vaults:4: gammafunk_ghost_cemetery, nicolae_vaults_six-pack,
          nicolae_vaults_disjoint_gnomons, ontoclasm_vaults_gateway,
          vaults_room_semicircle, vaults_mumra_chevron,
          nicolae_vaults_tetromino_Z_1, nicolae_vaults_three_branches,
          v_misc_28, nicolae_vaults_crenellated_ambush,
          nicolae_vaults_closet_pinwheel_3, nicolae_vaults_trapezoid_lopsided_1,
          ontoclasm_vaults_claustrophobia, hangedman_vaults_trim,
          layout_vaults_omnibox, uniq_saint_roka, uniq_donald, uniq_zenata
Vaults:5: uniq_frederick
Depths:1: layout_cave_shapes, vehumet_crystals, grunt_pan_entry_spiral,
          hell_entry, gammafunk_ghost_arena, elyvilon_altar_5
Depths:2: grunt_x_marks_the_spot, layout_gridlike, enter_ziggurat_d,
          fedhas_altar_1, rand_demon_pan_entry_5, serial_sigils,
          serial_sigils_hangedman_snap, serial_sigils_hangedman_confine,
          serial_sigils_hangedman_shear, serial_sigils_hangedman_snap,
          hell_entry, nicolae_abyss_entry_one_way_or_another, drop_trap
Depths:3: minmay_the_grid_octo_tiled_squarecenter_mashed
          [minmay_the_grid_octo_clover, minmay_the_grid_octo_77,
          minmay_the_grid_octo_fat_diamond,
          minmay_the_grid_octo_vomiting_pacman,
          minmay_the_grid_square_5x5_megaprize_crossed,
          minmay_the_grid_square_5x5_moneybag, minmay_the_grid_square_5x5_slash,
          minmay_the_grid_square_5x5_gyroscope,
          minmay_the_grid_square_5x5_almost_minimal], layout_honeycomb,
          abyss_entry, minmay_hedge_maze, hell_entry, grunt_pan_entry_sceptre,
          infiniplex_staircase_zigzag_5, uniq_sojobo
Depths:4: grunt_twist_and_shout, layout_gridlike, hell_entry
Zot:1:    layout_basic
Zot:2:    layout_gridlike, hangedman_spider_trapstep
Zot:3:    layout_basic, hangedman_zot_wheel_spokes,
          hangedman_zot_decor_scrapings, grunt_megastairs_2
Zot:4:    layout_misc_corridors, lemuel_baited_zot_trap, grunt_ministairs_8,
          grunt_megastairs_3
Zot:5:    layout_misc_corridors

Skill      XL: |  1  2  3  4  5  6  7  8  9 10 11 12 13 14 15 16 17 18 19 20 21 22 23 24 25 26 |
---------------+-------------------------------------------------------------------------------+-----
Poison Magic   | 5 6 8 9 |  9.0
Stealth        | 4 5 6 8 |  8.0
Summonings     | 3 4 11 12 14 15 16 17 18 20 21 23 24 25 27 | 27.0
Spellcasting   | 5 7 8 9 10 11 13 14 15 16 17 18 19 | 19.7
Fighting       | 4 6 8 9 10 11 12 13 15 17 19 20 | 20.6
Translocations | 4 5 |  5.0
Dodging        | 3 4 6 8 |  8.0
Armour         | 2 4 5 9 10 12 | 12.0
Shields        | 2 5 9 13 15 17 | 17.1
Staves         | 9 12 | 12.0
Invocations    | 7 11 | 11.8
Transmutations | |  1.0

Action                     |  1- 3 |  4- 6 |  7- 9 | 10-12 | 13-15 | 16-18 | 19-21 | 22-24 | 25-27 || total
---------------------------+-------+-------+-------+-------+-------+-------+-------+-------+-------++-------
  Melee: Spear             |    30 |     1 |       |       |       |       |       |       |       ||    31
         Falchion          |       |    19 |     6 |       |       |       |       |       |       ||    25
         Short sword       |       |       |    51 |    24 |       |       |       |       |       ||    75
         Staff             |       |       |     2 |    25 |       |    56 |   172 |   174 |   237 ||   666
         Whip              |       |       |       |    25 |   236 |   123 |       |       |       ||   384
         Punch             |       |       |       |     1 |     3 |       |       |       |       ||     4
         Constrict         |       |       |       |       |    60 |    37 |    44 |    39 |    40 ||   220
   Cast: Sting             |    63 |    68 |    27 |     2 |     1 |       |       |       |     7 ||   168
         Olgreb's Toxic Ra |       |    18 |    72 |    61 |   115 |    75 |    16 |     2 |    11 ||   370
         Summon Guardian G |       |       |       |    17 |    74 |    32 |     7 |     1 |       ||   131
         Summon Cactus Gia |       |       |       |    24 |   105 |    15 |     2 |       |       ||   146
         Summon Forest     |       |       |       |     1 |    26 |     9 |    11 |    15 |     6 ||    68
         Monstrous Menager |       |       |       |       |    20 |    46 |    19 |     7 |     8 ||   100
         Summon Hydra      |       |       |       |       |       |   237 |   234 |    20 |    14 ||   505
         Dragon's Call     |       |       |       |       |       |       |    38 |    54 |    36 ||   128
 Invoke: Recall Ancestor   |       |       |     1 |       |     1 |     5 |    15 |     1 |     3 ||    26
         Ancestor Life: Kn |       |       |     1 |       |       |       |       |       |       ||     1
  Evoke: Wand              |       |       |       |       |       |    18 |       |       |     1 ||    19
         Phantom mirror    |       |       |       |       |       |     1 |     1 |       |       ||     2
    Use: Potion            |       |     1 |       |     1 |     1 |    15 |     4 |     2 |    10 ||    34
         Scroll            |       |     2 |       |    12 |    11 |    27 |     9 |     7 |     9 ||    77
   Stab: Sleeping          |       |     3 |     4 |     1 |     2 |       |       |     1 |     3 ||    14
         Distracted        |       |       |     1 |       |     5 |     4 |     5 |     6 |    11 ||    32
 Armour: Robe              |     5 |    11 |    23 |    40 |       |       |       |       |       ||    79
         Ring mail         |       |       |       |     4 |    83 |       |       |       |       ||    87
         Troll leather arm |       |       |       |       |    39 |   127 |     2 |       |       ||   168
         Quicksilver drago |       |       |       |       |       |       |   225 |       |       ||   225
         Leather armour    |       |       |       |       |       |       |   167 |   238 |   224 ||   629
  Dodge: Dodged            |    23 |    18 |    28 |    45 |   202 |   225 |   241 |    88 |   163 ||  1033
  Block: Other             |       |     1 |     1 |       |       |       |       |       |       ||     2
         Buckler           |       |       |       |       |    19 |    23 |    74 |     7 |       ||   123
         Kite shield       |       |       |       |       |       |   162 |   250 |   177 |   220 ||   809
